 Dungeon Crawl Stone Soup version 0.24-a0-434-gd57e52fea8 (webtiles) character file.

Game seed: 15799337469048607567

3931 theanonym the Basher (level 10, -1/73 HPs)
             Began as a Mummy Warper on June 15, 2019.
             Was an Initiate of Yredelemnul.
             Killed from afar by Erica (3 damage)
             ... with a bolt of acid
             ... on level 8 of the Dungeon.
             The game lasted 00:15:03 (12785 turns).

theanonym the Basher (Mummy Warper)                Turns: 12785, Time: 00:15:04

Health: -1/73      AC: 12    Str: 17    XL:     10   Next: 1%
Magic:  14/14      EV:  4    Int: 12    God:    Yredelemnul [......]
Gold:   598        SH: 13    Dex: 13    Spells: 14/14 levels left

rFire    . . .     SeeInvis .   a - +0 morningstar
rCold    . . .     Gourm    .   m - +1 shield
rNeg     + + +     Faith    .   c - +0 chain mail
rPois    ∞         Spirit   .   o - +0 helmet (curse)
rElec    .         Reflect  +   h - +0 cloak (curse)
rCorr    .         Harm     .   e - +0 pair of gloves
MR       +....                  d - +0 pair of boots
Stlth    ..........             j - +5 amulet of reflection
HPRegen  0.22/turn              l - ring of fire
MPRegen  0.14/turn              (no ring)

@: about to teleport
A: no food or potions, fire vulnerability, cold resistance 1, negative energy
resistance 3, torment resistance, unbreathing
a: Renounce Religion


Innate Abilities, Weirdness & Mutations

You do not eat or drink.
Your flesh is vulnerable to fire.
You are immune to poison.
Your flesh is cold resistant. (rC+)
You are immune to negative energy. (rN+++)
You are immune to unholy pain and torment.
You can survive without breathing.


   Skills:
 + Level 4.5 Fighting
 * Level 11.5 Maces & Flails
 - Level 0.7 Throwing
 - Level 0.7 Armour
 - Level 1.5 Dodging
 - Level 2.6 Spellcasting
   Level 2.4 Translocations


You had 14 spell levels left.
You didn't know any spells.
Your spell library contained the following spells:

 Spells                   Type           Power        Failure   Level  Hunger
 Magic Dart               Conj           #...         100%        1    N/A
 Blink                    Tloc           N/A          100%        2    N/A
 Call Imp                 Summ           #.......     100%        2    N/A
 Shroud of Golubria       Chrm/Tloc      #.....       100%        2    N/A
 Slow                     Hex            #.......     100%        2    N/A
 Conjure Flame            Conj/Fire      #.......     100%        3    N/A
 Gell's Gravitas          Tloc           #.........   100%        3    N/A
 Lesser Beckoning         Tloc           #.........   100%        3    N/A
 Mephitic Cloud           Conj/Pois/Air  #.......     100%        3    N/A
 Teleport Other           Tloc           #.......     100%        3    N/A
 Passage of Golubria      Tloc           N/A          100%        4    N/A
 Bolt of Magma            Conj/Fire/Erth #.........   100%        5    N/A
 Iskenderun's Battlesphe  Conj/Chrm      #.......     100%        5    N/A
 Venom Bolt               Conj/Pois      #.........   100%        5    N/A
 Iron Shot                Conj/Erth      #.........   100%        6    N/A
 Orb of Destruction       Conj           #.........   100%        7    N/A
 Spellforged Servitor     Conj/Summ      #.........   100%        7    N/A

Skill      XL: |  1  2  3  4  5  6  7  8  9 |
---------------+----------------------------+-----
Maces & Flails | 2 3 4 5 6 8 10 11 | 11.5
Fighting       | 4 |  4.5
Throwing       | |  0.7
Armour         | |  0.7
Dodging        | |  1.5
Spellcasting   | |  2.6
Translocations | |  2.4

Action                   |  1- 3 |  4- 6 |  7- 9 | 10-12 || total
-------------------------+-------+-------+-------+-------++-------
Melee: Mace              |   123 |    86 |       |       ||   209
       Flail             |       |    60 |       |       ||    60
       Morningstar       |       |    61 |   593 |    43 ||   697
Throw: Boomerang         |       |       |     5 |     3 ||     8
Evoke: Wand              |       |    15 |     5 |       ||    20
  Use: Scroll            |       |    12 |     2 |     1 ||    15
Armor: Leather armour    |    36 |    22 |       |       ||    58
       Chain mail        |       |    72 |   266 |    15 ||   353
Dodge: Dodged            |    82 |    81 |    91 |     1 ||   255
Block: Other             |       |    42 |     4 |       ||    46
       Reflection        |       |     1 |     6 |       ||     7
       Shield            |       |       |   417 |    20 ||   437

Inventory:

Hand Weapons
 a - a +0 morningstar (weapon)
Missiles
 b - 5 boomerangs (quivered)
Armour
 c - a +0 chain mail (worn)
 d - a +0 pair of boots (worn)
 e - a +0 pair of gloves (worn)
 h - a cursed +0 cloak (worn)
 m - a +1 shield (worn)
 o - a cursed +0 helmet (worn)
Jewellery
 j - a +5 amulet of reflection (around neck)
 l - a ring of fire (left hand)
Scrolls
 f - a scroll of amnesia
 g - 2 scrolls of enchant weapon
 i - a scroll of silence {unknown}
 n - 2 scrolls of remove curse
 r - 6 scrolls of identify
 t - 2 scrolls of teleportation
 B - a scroll of blinking


You were on level 8 of the Dungeon.
You worshipped Yredelemnul.
Yredelemnul was noncommittal.
You were not hungry.

You visited 2 branches of the dungeon, and saw 9 of its levels.

You collected 598 gold pieces.

Dungeon Overview and Level Annotations

Branches:
Dungeon (8/15)             Temple (1/1) D:7
   Lair: D:8-11

Altars:
Ashenzari
Cheibriados
Dithmenos
Elyvilon
Gozag
Makhleb
Nemelex Xobeh
Ru
Sif Muna
Trog
Uskayaw
Wu Jian
Xom
Yredelemnul
Zin

Shops:
D:6 !

Annotations:
D:7 2 runed translucent doors, Inarius's ghost, novice DEFE
D:8 3 runed translucent doors, Erica; Scuka's ghost, novice DrFE

#.##.#
#.##.#
#.##[#
#.##.#
#%##.#
#.##.#
#....#
###..#
#@.##
#...#
#......#.#
.#.###.#.#
..._.
##.#.#.
..#.###
####.# #.#


There were no monsters in sight!

Notes
Turn   | Place    | Note
-------+----------+-------------------------------------------
     0 | D:1      | theanonym the Mummy Warper began the quest for the Orb.
     0 | D:1      | Reached XP level 1. HP: 16/16 MP: 4/4
    57 | D:1      | Reached skill level 2 in Maces & Flails
   156 | D:1      | Reached XP level 2. HP: 19/22 MP: 5/5
   160 | D:1      | HP: 10/22 [goblin (3)]
  1171 | D:2      | HP: 11/22 [dart slug/slug dart (1)]
  1217 | D:2      | HP: 9/22 [leopard gecko (5)]
  1221 | D:2      | Reached XP level 3. HP: 8/27 MP: 7/7
  1482 | D:2      | Reached skill level 3 in Maces & Flails
  1690 | D:2      | Noticed Jessica
  1704 | D:2      | Killed Jessica
  1704 | D:2      | Reached XP level 4. HP: 32/33 MP: 8/8
  2598 | D:3      | Reached skill level 4 in Maces & Flails
  2761 | D:3      | HP: 16/33 [orc wizard/+0 dagger (2)]
  2765 | D:3      | HP: 1/33 [orc wizard/puff of flame (10)]
  3067 | D:3      | Reached XP level 5. HP: 35/38 MP: 9/9
  3489 | D:3      | HP: 10/38 [orc priest/divine providence (12)]
  4146 | D:4      | Found a glowing silver altar of Zin.
  4331 | D:4      | Found a bloodstained altar of Trog.
  4468 | D:4      | Reached skill level 5 in Maces & Flails
  4796 | D:4      | Noticed an ogre
  5300 | D:4      | Found a glowing silver altar of Zin.
  5497 | D:4      | Killed an ogre
  5497 | D:4      | Reached XP level 6. HP: 35/44 MP: 10/10
  6107 | D:5      | Entered Level 5 of the Dungeon
  6267 | D:5      | HP: 18/44 [orc wizard/magic dart (5)]
  6269 | D:5      | HP: 7/44 [centaur/cursed +0 shortbow (7)]
  6271 | D:5      | Found a burning altar of Makhleb.
  6271 | D:5      | Noticed a yak
  6271 | D:5      | Noticed a yak
  6271 | D:5      | Noticed a yak
  6271 | D:5      | Noticed a yak
  6271 | D:5      | Noticed a yak
  6274 | D:5      | HP: 1/44 [yak (5)]
  6335 | D:4      | HP: 7/44 [shadow imp (2)]
  6700 | D:4      | Reached skill level 6 in Maces & Flails
  6753 | D:4      | Reached XP level 7. HP: 47/50 MP: 11/11
  7325 | D:5      | HP: 23/50 [ogre/+0 giant club (9)]
  7326 | D:5      | Reached skill level 7 in Maces & Flails
  7647 | D:5      | Killed a yak
  7648 | D:5      | Killed a yak
  7648 | D:5      | Reached skill level 8 in Maces & Flails
  7648 | D:5      | Reached XP level 8. HP: 48/56 MP: 12/12
  7654 | D:5      | HP: 23/56 [yak (7)]
  7659 | D:5      | HP: 14/56 [yak (3)]
  7675 | D:5      | HP: 9/56 [yak (8)]
  7678 | D:5      | Reached skill level 9 in Maces & Flails
  8510 | D:6      | Found Nygo's Distillery.
  8739 | D:6      | Found a sparkling altar of Nemelex Xobeh.
  8912 | D:5      | Reached skill level 10 in Maces & Flails
  8912 | D:5      | Reached XP level 9. HP: 35/61 MP: 13/13
  9219 | D:6      | Found a sparkling altar of Nemelex Xobeh.
  9376 | D:6      | HP: 28/61 [gnoll sergeant/+0 spear (5)]
  9884 | D:5      | HP: 29/61 [orc warrior/+0 scimitar (16)]
 10543 | D:7      | Reached skill level 3 in Fighting
 10560 | D:7      | Reached skill level 11 in Maces & Flails
 10748 | D:7      | Found a staircase to the Ecumenical Temple.
 10755 | D:7      | HP: 24/64 [orc priest/+0 hand axe of electrocution (19)]
 10763 | Temple   | Entered the Ecumenical Temple
 10827 | Temple   | Became a worshipper of Yredelemnul the Dark
 11055 | D:7      | HP: 28/65 [orc priest/divine providence (13)]
 11063 | D:7      | HP: 22/65 [orc wizard/magic dart (6)]
 11128 | D:7      | HP: 13/65 [orc warrior/+0 glaive (22)]
 11556 | D:7      | HP: 32/65 [killer bee (6)]
 11559 | D:7      | Reached skill level 4 in Fighting
 11565 | D:7      | HP: 30/65 [killer bee (4)]
 11573 | D:7      | HP: 30/65 [killer bee (1)]
 11578 | D:7      | HP: 27/65 [killer bee (2)]
 12009 | D:7      | Found a large runed translucent door.
 12009 | D:7      | Found a large runed translucent door.
 12013 | D:7      | Noticed Inarius's ghost (novice DEFE)
 12251 | D:8      | Noticed Scuka's ghost (novice DrFE)
 12252 | D:8      | Found a runed translucent gate.
 12252 | D:8      | Found a runed translucent gate.
 12252 | D:8      | Found a runed translucent gate.
 12479 | D:8      | Found a shattered altar of Ashenzari.
 12545 | D:8      | Reached XP level 10. HP: 61/73 MP: 14/14
 12749 | D:8      | Found a burning altar of Makhleb.
 12754 | D:8      | Noticed Erica
 12777 | D:8      | HP: 34/73 [something (11)]
 12781 | D:8      | HP: 15/73 [something (8)]
 12784 | D:8      | HP: 2/73 [something/orb of energy (11)]
 12785 | D:8      | Killed from afar by Erica

Vanquished Creatures
  5 yaks (D:5)
  An orc warrior (D:5)
  4 ogres
  5 centaurs
  A big kobold (D:6)
  4 bullfrogs
  2 gnoll sergeants (D:6)
  A wyvern zombie (D:6)
  7 killer bees
  5 howler monkeys
  A centaur zombie (D:5)
  8 crimson imps
  2 bullfrog zombies
  4 hounds
  2 orc priests
  4 jellies
  A gnoll shaman (D:6)
  Jessica (D:2)
  2 iguanas
  7 orc wizards
  2 worker ants
  2 hound skeletons
  10 gnolls (D:6)
  A howler monkey skeleton (D:6)
  8 adders
  4 shadow imps
  An ooze (D:2)
  An adder zombie (D:7)
  An adder skeleton (D:4)
  A dart slug (D:2)
  6 leopard geckos
  18 orcs
  4 bats
  12 goblins
  10 hobgoblins
  9 jackals
  A quokka (D:5)
  5 frilled lizards
  13 kobolds
  A quokka zombie (D:7)
  8 rats
  A plant (D:6)
186 creatures vanquished.

Vanquished Creatures (others)
  A kobold (D:6)
  6 plants (D:6)
7 creatures vanquished.

Grand Total: 193 creatures vanquished

Table legend:
 A = Turns spent in this place as a percentage of turns spent in the entire game.
 B = Non-inter-level travel turns spent in this place as a percentage of non-inter-level travel turns spent in the entire game.
 C = Inter-level travel turns spent in this place as a percentage of turns spent in this place.
 D = Turns resting spent in this place as a percentage of non-inter-level travel turns spent in this place.
 E = Turns spent auto-exploring this place as a percentage of non-inter-level travel turns spent in this place.
 F = Non-inter-level travel turns spent in this place divided by the number of levels of this place that you've seen.
                   A       B       C       D       E      F
               +-------+-------+-------+-------+-------+----------------------
         Total | 100.0 | 100.0 |   6.0 |  39.4 |  44.1 | 1335.3
       Dungeon |  98.4 |  98.4 |   6.0 |  39.0 |  44.4 | 1478.0
        Temple |   1.6 |   1.6 |   6.3 |  66.5 |  29.4 | 194.0
               +-------+-------+-------+-------+-------+----------------------
